 Dungeon Crawl Stone Soup version 0.29-a0-234-g0dae59b3db (webtiles) character file.

Game seed: 13823275276174222143

0 spaghetti the Sneak (level 1, 0/16 HPs)
             Began as an Octopode Delver on Mar 3, 2022.
             Succumbed to a scorpion's poison
             ... on level 5 of the Dungeon.
             The game lasted 00:00:14 (42 turns).

spaghetti the Sneak (Octopode Delver)                 Turns: 42, Time: 00:00:15

Health: 0/16       AC:  1    Str: 11    XL:     1   Next: 0%
Magic:  1/1        EV: 13    Int: 12    God:
Gold:   0          SH:  0    Dex: 13    Spells: 0/0 levels left

rFire   . . .      SeeInvis .   a - +0 falchion {long}
rCold   . . .      Faith    .   (no shield)
rNeg    . . .      Spirit   .   (helmet restricted)
rPois   .          Reflect  .   (no amulet)
rElec   .          Harm     .   (no ring)
rCorr   .          Rampage  .   (no ring)
Will    .....                   (no ring)
Stlth   ++++......              (no ring)
HPRegen 0.05/turn               (no ring)
MPRegen 0.07/turn               (no ring)
                                (no ring)
                                (no ring)

@: lethally poisoned (0 -> -3)
A: almost no armour, amphibious, 8 rings, camouflage 1, gelatinous body 1,
(nimble swimmer 1), tentacles
a: no special abilities


You were on level 5 of the Dungeon.
You visited 1 branch of the dungeon, and saw 1 of its levels.


Innate Abilities, Weirdness & Mutations

You cannot wear most types of armour.
You are amphibious.
You can wear up to eight rings at the same time.
Your skin changes colour to match your surroundings (Stealth+).
Your rubbery body absorbs attacks. (AC +1, EV +1)
((You are camouflaged when in or above water. (Stealth+)))
You have tentacles for arms and can constrict up to eight enemies at once.


   Skills:
 - Level 3.0 Fighting
 - Level 2.0 Long Blades
 - Level 2.0 Dodging
 + Level 6.6 Stealth


You couldn't memorise any spells.
You didn't know any spells.
Your spell library was empty.

Inventory:

Hand Weapons
 a - a +0 falchion (weapon) {long}
Wands
 f - a wand of digging (3)
Scrolls
 b - a scroll of fog
 c - a scroll of magic mapping {!r}
 d - a scroll of fear
Potions
 e - a potion of haste {@q3}

Dungeon Overview and Level Annotations

Branches:
Dungeon (5/15)
 Temple: D:4-7

Altars:

### #.. #.# #.#
#.# #@# #.# #.# #
.#######.######.#
................
.#######.###.###
#......#######
#.#...........#
##.##########.#


There were no monsters in sight!


Message History

🤖 Initializing magus.rc ...
Options error: Delay interrupt name "hungry" not recognised. (~/.crawlrc:4761) Options error: Bad monster_list_colour key: strict_neutral (~/.crawlrc:4776) ✅ Successfully initialized magus.rc [v1.9.6] Welcome, spaghetti the Octopode Delver.
You feel drawn to the Orb of Zot, downwards into the unfathomable depths...
Press ? for a list of commands and other information.
Found a scroll labelled GUPE LYS SOD.
Found a stone staircase leading down.
g - a scroll labelled GUPE LYS SOD A black bear comes into view.
As you read the scroll labelled GUPE LYS SOD, it crumbles to dust.
A profound silence engulfs you.
It was a scroll of silence.
Unknown command.
g - a smoky cyan potion
There are no items here.
A scorpion comes into view.
The helpless scorpion fails to defend itself.
You hit the scorpion but do no damage. You grab the scorpion.
You constrict the scorpion. The scorpion barely misses you.
The scorpion closely misses you.
You hit the scorpion but do no damage. You constrict the scorpion.
The scorpion closely misses you.
You barely miss the scorpion. Your squeeze misses the scorpion.
Your hearing returns.
You constrict the scorpion. The scorpion stings you.
The scorpion closely misses you. 😕 HP[-2]
You take 2 damage, and now have 14/16 hp.
You hit the scorpion. You constrict the scorpion. The scorpion stings you!
Ouch! That really hurt!
* * * LOW HITPOINT WARNING * * *
You are lethally poisoned!
The scorpion poisons you! 😨 HP[-9]
You take 9 damage, and now have 5/16 hp.
MASSIVE DAMAGE!! (PAUSE) Unknown command.
It was a potion of cancellation.
You feel magically purged.
You constrict the scorpion, but do no damage.
* * * LOW HITPOINT WARNING * * *
You feel sick.
The scorpion barely misses you. 😱 HP[-1]
You take 1 damage, and now have 4/16 hp.
Unknown command.
Unknown command.
You hit the scorpion. You constrict the scorpion.
* * * LOW HITPOINT WARNING * * *
You feel sick. The scorpion misses you.
The scorpion stings you but does no damage. 😱 HP[-2]
You take 2 damage, and now have 2/16 hp.
You hit the scorpion but do no damage. You constrict the scorpion.
* * * LOW HITPOINT WARNING * * *
You feel sick. The scorpion misses you. 😱 HP[-1]
You take 1 damage, and now have 1/16 hp.
Unknown command.
You hit the scorpion.
You kill the scorpion!
You die...

Action                   || total
-------------------------++-------
Melee: Falchion          ||     7
       Constrict         ||     1
  Use: Scroll            ||     1
       Potion            ||     1
 Stab: Sleeping          ||     1
Armor: Skin              ||     1
Dodge: Dodged            ||     7

Levels and vault maps discovered:
D:5:      layout_loops_ring, minmay_temple_entry_waves, nrook_pool_corridor,
          hangedman_abyss_or_decor_passed, nrook_mini_vaults, uniq_edmund

Notes
Turn   | Place    | Note
-------+----------+-------------------------------------------
     0 | D:5      | spaghetti the Octopode Delver began the quest for the Orb.
     0 | D:5      | Reached XP level 1. HP: 16/16 MP: 1/1
     0 | D:5      | magus.rc [v1.9.6]
    16 | D:5      | Noticed a black bear
    28 | D:5      | Noticed a scorpion
    39 | D:5      | HP: 4/16 [poisoned by a scorpion]
    41 | D:5      | HP: 1/16 [poisoned by a scorpion]
    42 | D:5      | Killed a scorpion
    42 | D:5      | Succumbed to a scorpion's poison

Vanquished Creatures
  A scorpion (D:5)
1 creature vanquished.

Table legend:
 A = Non-vault XP
 B = Vault XP
 C = Vault XP percentage of total XP
 D = Non-vault monster count
 E = Vault monster count
 F = Vault count percentage of total count
                 A         B        C        D         E       F
            +---------+---------+-------+---------+---------+-------
      Total |      87 |       0 |   0.0 |       1 |       0 |   0.0
            +---------+---------+-------+---------+---------+-------
        D:5 |      87 |       0 |   0.0 |       1 |       0 |   0.0
            +---------+---------+-------+---------+---------+-------

Illustrated notes

Table legend:
 A = Kills in this place as a percentage of kills in entire the game.
 B = Kills by you in this place as a percentage of kills by you in the entire game.
 C = Kills by friends in this place as a percentage of kills by friends in the entire game.
 D = Other kills in this place as a percentage of other kills in the entire game.
 E = Experience gained in this place as a percentage of experience gained in the entire game.
 F = Experience gained in this place divided by the number of levels of this place that you have seen.
                   A       B       C       D       E      F
               +-------+-------+-------+-------+-------+----------------------
         Total | 100.0 | 100.0 |   N/A |   N/A | 100.0 |  87.0
       Dungeon | 100.0 | 100.0 |   N/A |   N/A | 100.0 |  87.0
               +-------+-------+-------+-------+-------+----------------------

Table legend: (Time is in decaauts)
 A = Elapsed time spent in this place.
 B = Non-inter-level travel time spent in this place.
 C = Inter-level travel time spent in this place.
 D = Time resting spent in this place.
 E = Time spent auto-exploring this place.
 F = Levels seen in this place.
 G = Mean time per level.
                   A        B        C        D        E       F      G
               +--------+--------+--------+--------+--------+-----+--------+
         Total |     43 |     43 |      0 |      0 |     15 |   1 |   43.0 |
       Dungeon |     43 |     43 |      0 |      0 |     15 |   1 |   43.0 |
               +--------+--------+--------+--------+--------+-----+--------+

Top non-repeatable levels by time:
     D:5: 43 daAuts
